[Event "Groningen Festival 2019-A"]
[Site "Groningen"]
[Date "2019.12.26"]
[Round "5.10"]
[White "Maatman, Nick"]
[Black "Maris, Ivo"]
[Result "1/2-1/2"]
[ECO "B07"]
[WhiteElo "2400"]
[BlackElo "2413"]
[Annotator "NA"]
[PlyCount "48"]
[EventDate "2019.12.15"]
[EventType "swiss"]
[EventCountry "NED"]
[SourceTitle "playchess.com"]
[Source "ChessBase"]
[SourceQuality "1"]
[TimeControl "40/5400+30:1800+30"]

1. d4 d6 2. e4 Nf6 3. Nc3 e5 4. dxe5 dxe5 5. Qxd8+ Kxd8 6. Bc4 Bb4 7. Bg5 Bxc3+ 8. bxc3 Ke7 9. f4 Be6 10. Bb3 h6 11. Bxf6+ gxf6 12. Nf3 exf4 13. O-O Nd7 14. Nh4 Ne5 15. Rxf4 Ng6 16. Nf5+ Bxf5 17. Rxf5 Rad8 18. Raf1 Rd6 19. c4 b6 20. c5 bxc5 21. Rxc5 c6 22. Ra5 Rd7 23. Raf5 Rd6 24. Ra5 Rd7 1/2-1/2

[Event "Groningen Festival 2019-A"]
[Site "Groningen"]
[Date "2019.12.26"]
[Round "5.11"]
[White "Hilwerda, Jonas"]
[Black "Gomes, Mary Ann"]
[Result "0-1"]
[ECO "B41"]
[WhiteElo "2228"]
[BlackElo "2324"]
[Annotator "NA"]
[PlyCount "94"]
[EventDate "2019.12.15"]
[EventType "swiss"]
[EventCountry "NED"]
[SourceTitle "playchess.com"]
[Source "ChessBase"]
[SourceQuality "1"]
[TimeControl "40/5400+30:1800+30"]

1. e4 c5 2. Nf3 e6 3. d4 cxd4 4. Nxd4 a6 5. Qd3 Qc7 6. Qg3 d6 7. c4 Nd7 8. Nc3 Ngf6 9. Be2 h5 10. Bg5 Be7 11. Bh4 Ne5 12. Qxg7 Rg8 13. Qh6 Ng6 14. Bxf6 Bxf6 15. Qd2 Ne5 16. b3 Rxg2 17. O-O-O Ng6 18. Kb1 Qc5 19. Qe3 Qg5 20. Qxg5 Rxg5 21. Na4 Bd7 22. Nb6 Rd8 23. Nxd7 Rxd7 24. Nc2 Nf4 25. Bf3 Nh3 26. Rd2 Bc3 27. Re2 Nf4 28. h4 Rg8 29. Re3 Bd2 30. Bd1 Bxe3 31. fxe3 Nd3 32. Bxh5 Nf2 33. Rh2 Nxe4 34. Nd4 Ng3 35. Bf3 e5 36. Nc2 f5 37. Nb4 Rh7 38. Nd5 Kf7 39. b4 Nf1 40. Rf2 Rg1 41. Kb2 Rxh4 42. Nc3 Nxe3 43. Bxb7 Rxc4 44. Bd5+ Nxd5 45. Nxd5 Ke6 46. Ne3 Rxb4+ 47. Kc3 Rf4 {[%emt 0:01:00] Kd4} 0-1

[Event "Groningen Festival 2019-A"]
[Site "Groningen"]
[Date "2019.12.26"]
[Round "5.12"]
[White "De Jong, Migchiel"]
[Black "Kokje, Joris"]
[Result "1/2-1/2"]
[ECO "B51"]
[WhiteElo "2326"]
[BlackElo "2222"]
[Annotator "NA"]
[PlyCount "95"]
[EventDate "2019.12.15"]
[EventType "swiss"]
[EventCountry "NED"]
[SourceTitle "playchess.com"]
[Source "ChessBase"]
[SourceQuality "1"]
[TimeControl "40/5400+30:1800+30"]

1. e4 c5 2. Nf3 d6 3. Bb5+ Nc6 4. O-O Bd7 5. Re1 Nf6 6. h3 a6 7. Bf1 h6 8. a3 g5 9. d4 g4 10. d5 gxf3 11. dxc6 Bxc6 12. Qxf3 e6 13. Nc3 d5 14. exd5 Nxd5 15. Ne4 b5 16. Be3 Nxe3 17. Nf6+ Ke7 18. Qxc6 Kxf6 19. Rxe3 Rg8 20. Qf3+ Kg7 21. Rd1 Qe8 22. Qb7 Kh8 23. Be2 Rg7 24. Bf3 Rd8 25. Rxd8 Qxd8 26. Qxa6 Qd2 27. Qxb5 Qc1+ 28. Qf1 Qxb2 29. Qd1 c4 30. a4 Bc5 31. Re4 Qb4 32. Qd8+ Kh7 33. a5 Qc3 34. Qd1 Qxa5 35. Rxc4 Qb6 36. Qd2 Qd6 37. Qc3 Bb6 38. Rc6 Qd4 39. Qxd4 Bxd4 40. c3 Be5 41. c4 Rg8 42. c5 Ra8 43. Be4+ Kg7 44. g4 Ra2 45. Kf1 Bd4 46. f3 Ra5 47. Rc7 Rxc5 48. Rxc5 1/2-1/2

[Event "Groningen Festival 2019-A"]
[Site "Groningen"]
[Date "2019.12.27"]
[Round "6.1"]
[White "Ernst, Sipke"]
[Black "Fier, Alexandr"]
[Result "0-1"]
[ECO "D85"]
[WhiteElo "2541"]
[BlackElo "2528"]
[Annotator "ChessBase"]
[PlyCount "80"]
[EventDate "2019.12.15"]
[EventType "swiss"]
[EventCountry "NED"]
[SourceTitle "playchess.com"]
[Source "ChessBase"]
[SourceQuality "1"]
[TimeControl "40/5400+30:1800+30"]

1. d4 Nf6 2. c4 g6 3. Nc3 d5 4. cxd5 Nxd5 5. e4 Nxc3 6. bxc3 Bg7 7. Nf3 c5 8. Be3 Bg4 9. Rc1 O-O 10. Be2 Qa5 11. Qd2 Nd7 12. h3 Bxf3 13. Bxf3 Rac8 14. d5 c4 15. O-O Nc5 16. Rc2 b5 17. h4 Qc7 18. h5 a5 19. g3 Na4 20. Bg4 Rb8 21. Bf4 Be5 22. Bh6 Bg7 23. Bf4 Be5 24. Bh6 b4 25. cxb4 axb4 26. hxg6 hxg6 27. Bxf8 Kxf8 28. Kg2 Qc5 29. Rh1 Nc3 30. Rh7 Kg8 31. Qh6 Qd4 32. Rxf7 Kxf7 33. Rxc3 bxc3 34. Qh7+ Bg7 35. Be6+ Kf6 36. Qh4+ g5 37. Qg4 Ke5 38. f4+ Kd6 39. e5+ Kc5 40. Qxg5 Qd2+ 0-1

[Event "Groningen Festival 2019-A"]
[Site "Groningen"]
[Date "2019.12.27"]
[Round "6.5"]
[White "Gleizerov, Evgeny"]
[Black "Beerdsen, Thomas"]
[Result "1/2-1/2"]
[ECO "E03"]
[WhiteElo "2508"]
[BlackElo "2482"]
[Annotator "ChessBase"]
[PlyCount "57"]
[EventDate "2019.12.15"]
[EventType "swiss"]
[EventCountry "NED"]
[SourceTitle "playchess.com"]
[Source "ChessBase"]
[SourceQuality "1"]
[TimeControl "40/5400+30:1800+30"]

1. d4 Nf6 2. c4 e6 3. g3 d5 4. Bg2 dxc4 5. Qa4+ Nbd7 6. Qxc4 a6 7. Be3 Nb6 8. Qd3 Nbd5 9. Nf3 Nxe3 10. Qxe3 c5 11. Nc3 cxd4 12. Qxd4 Qxd4 13. Nxd4 Bc5 14. Nb3 Bb4 15. Rc1 Ke7 16. O-O Rb8 17. Ne4 Nxe4 18. Bxe4 Rd8 19. Rc7+ Rd7 20. Rc4 Bd6 21. Rfc1 Rd8 22. Na5 f5 23. Bg2 e5 24. Bd5 e4 25. f3 Bxg3 26. fxe4 Be5 27. Rb4 fxe4 28. Bxe4 Rd4 29. Rcc4 1/2-1/2

[Event "Groningen Festival 2019-A"]
[Site "Groningen"]
[Date "2019.12.27"]
[Round "6.9"]
[White "Pacher, Milan"]
[Black "Hilverda, Alexander"]
[Result "1/2-1/2"]
[ECO "E54"]
[WhiteElo "2427"]
[BlackElo "2294"]
[Annotator "NA"]
[PlyCount "75"]
[EventDate "2019.12.15"]
[EventType "swiss"]
[EventCountry "NED"]
[SourceTitle "playchess.com"]
[Source "ChessBase"]
[SourceQuality "1"]
[TimeControl "40/5400+30:1800+30"]

1. d4 d5 2. c4 e6 3. Nc3 Bb4 4. e3 Nf6 5. Nf3 O-O 6. Bd3 dxc4 7. Bxc4 c5 8. O-O b6 9. a3 Bxc3 10. bxc3 Bb7 11. Qe2 Nc6 12. Bb2 Na5 13. Bd3 Be4 14. Ne5 Bxd3 15. Qxd3 Qd5 16. f3 Qb3 17. Qe2 cxd4 18. cxd4 Rac8 19. Rac1 Nd5 20. e4 Ne3 21. Rxc8 Rxc8 22. Rc1 Rxc1+ 23. Bxc1 Nec4 24. Nxc4 Nxc4 25. d5 b5 26. h4 h6 27. Kh2 a5 28. h5 b4 29. axb4 axb4 30. Bf4 e5 31. Bg3 Qc3 32. Qa2 b3 33. Qa8+ Kh7 34. Qc8 b2 35. Qf5+ Kg8 36. Qc8+ Kh7 37. Qf5+ Kg8 38. Qc8+ 1/2-1/2

[Event "Groningen Festival 2019-A"]
[Site "Groningen"]
[Date "2019.12.27"]
[Round "6.10"]
[White "Maris, Ivo"]
[Black "Danada, Tomas"]
[Result "0-1"]
[ECO "A21"]
[WhiteElo "2413"]
[BlackElo "2271"]
[Annotator "NA"]
[PlyCount "116"]
[EventDate "2019.12.15"]
[EventType "swiss"]
[EventCountry "NED"]
[SourceTitle "playchess.com"]
[Source "ChessBase"]
[SourceQuality "1"]
[TimeControl "40/5400+30:1800+30"]

1. c4 e5 2. Nc3 Bb4 3. Nd5 Be7 4. Nf3 c6 5. Nc3 d6 6. c5 Nf6 7. d3 h6 8. g3 d5 9. Nxe5 d4 10. Nb1 O-O 11. Bg2 Bxc5 12. O-O Re8 13. Nf3 a5 14. b3 Qe7 15. Qc2 Na6 16. Re1 Bb4 17. Nbd2 Bc3 18. Bb2 Nb4 19. Qc1 Bxb2 20. Qxb2 c5 21. a3 Nbd5 22. e3 dxe3 23. fxe3 Nxe3 24. Nf1 Nfd5 25. Rxe3 Nxe3 26. Re1 Ra6 27. Rxe3 Re6 28. Rxe6 Bxe6 29. N3d2 Rd8 30. Qc3 b6 31. Ne4 f5 32. Nf2 Bf7 33. Bf3 Rd4 34. g4 fxg4 35. Be4 Qe6 36. b4 axb4 37. axb4 Rxb4 38. Ne3 h5 39. Qa1 g6 40. Nd5 Rd4 41. Nf4 Qf6 42. Ne2 Rd6 43. Qa8+ Qd8 44. Qb7 Qd7 45. Qa8+ Qd8 46. Qb7 Kg7 47. Nf4 Qd7 48. Qa8 Qd8 49. Qb7 Qg5 50. Nxg6 g3 51. Nh3 Qe3+ 52. Kg2 Qe2+ 53. Kxg3 Qg4+ 54. Kf2 Qxh3 55. Ne7 Rd7 56. Qxb6 Qxh2+ 57. Bg2 Qf4+ 58. Kg1 Rxe7 0-1

[Event "Groningen Festival 2019-A"]
[Site "Groningen"]
[Date "2019.12.27"]
[Round "6.11"]
[White "Zhou, Guijue"]
[Black "Maatman, Nick"]
[Result "1-0"]
[ECO "C02"]
[WhiteElo "2238"]
[BlackElo "2400"]
[Annotator "NA"]
[PlyCount "146"]
[EventDate "2019.12.15"]
[EventType "swiss"]
[EventCountry "NED"]
[SourceTitle "playchess.com"]
[Source "ChessBase"]
[SourceQuality "1"]
[TimeControl "40/5400+30:1800+30"]

1. e4 e6 2. d4 d5 3. e5 c5 4. c3 Qb6 5. Nf3 Nc6 6. a3 Bd7 7. b4 cxd4 8. cxd4 Rc8 9. Be3 Nh6 10. Bd3 Ng4 11. O-O Nxe3 12. fxe3 Be7 13. Nbd2 O-O 14. Qe2 f6 15. exf6 Bxf6 16. Nb3 Rce8 17. Nc5 Bc8 18. b5 Ne7 19. Rac1 Qd6 20. e4 Bxd4+ 21. Nxd4 Rxf1+ 22. Rxf1 Qxc5 23. Qf2 Kh8 24. e5 Ng8 25. a4 Bd7 26. h3 Nh6 27. g4 Qe7 28. Qf4 a6 29. Kg2 axb5 30. Bxb5 Bxb5 31. Nxb5 Kg8 32. Nd6 Ra8 33. Rb1 Rf8 34. Rxb7 Qxb7 35. Qxf8+ Kxf8 36. Nxb7 Nf7 37. a5 Nxe5 38. a6 Nc6 39. Nd8 Na7 40. Nxe6+ Kf7 41. Nc7 d4 42. Kf3 Ke7 43. Ke4 Kd7 44. Nd5 Nb5 45. Nb4 Kd6 46. Nc2 Kc5 47. Nxd4 Nd6+ 48. Kf4 Kb6 49. Ke5 Nf7+ 50. Kf5 Kxa6 51. Ne6 Nd6+ 52. Ke5 Nf7+ 53. Kf4 Kb6 54. Nxg7 Kc6 55. Kf5 Kd5 56. Ne8 Nh6+ 57. Kg5 Nf7+ 58. Kf6 Ne5 59. Kf5 Kd4 60. Nf6 h6 61. Ng8 Nf7 62. h4 Ke3 63. Nf6 Kf3 64. Kg6 Ne5+ 65. Kxh6 Kg3 66. Kh5 Nf3 67. Ne4+ Kf4 68. Nf2 Kg3 69. Ne4+ Kf4 70. g5 Kxe4 71. g6 Ne5 72. g7 Nd7 73. Kg5 Kd5 1-0

[Event "Groningen Festival 2019-A"]
[Site "Groningen"]
[Date "2019.12.27"]
[Round "6.12"]
[White "Gomes, Mary Ann"]
[Black "Van Dael, Siem"]
[Result "1-0"]
[ECO "A49"]
[WhiteElo "2324"]
[BlackElo "2255"]
[Annotator "NA RC"]
[PlyCount "67"]
[EventDate "2019.12.15"]
[EventType "swiss"]
[EventCountry "NED"]
[SourceTitle "playchess.com"]
[Source "ChessBase"]
[SourceQuality "1"]
[TimeControl "40/5400+30:1800+30"]

1. Nf3 Nf6 2. g3 g6 3. b3 Bg7 4. Bb2 O-O 5. Bg2 d6 6. d4 b5 7. O-O Bb7 8. Nbd2 Nbd7 9. c4 a6 10. Qc2 Re8 11. c5 Nd5 12. Rac1 Nb4 13. Qb1 dxc5 14. dxc5 e5 15. Rfd1 Nc6 16. Nf1 Qe7 17. Ne3 Rac8 18. Bh3 Red8 19. Nd5 Qe8 20. e4 Ncb8 21. Bc3 f5 22. Ba5 Nf6 23. Nxc7 Rxd1+ 24. Rxd1 Qe7 25. Nd5 Nxd5 26. exd5 Qxc5 27. Ng5 Qd6 28. Ne6 Bf6 29. g4 Nc6 30. gxf5 g5 31. Bc7 Rxc7 32. Nxc7 Qxc7 33. Qc2 g4 34. Bg2 1-0

[Event "Groningen Festival 2019-A"]
[Site "Groningen"]
[Date "2019.12.28"]
[Round "7.1"]
[White "Fier, Alexandr"]
[Black "Poetsch, Hagen"]
[Result "1/2-1/2"]
[ECO "D46"]
[WhiteElo "2528"]
[BlackElo "2522"]
[Annotator "ChessBase"]
[PlyCount "134"]
[EventDate "2019.12.15"]
[EventType "swiss"]
[EventCountry "NED"]
[SourceTitle "playchess.com"]
[Source "ChessBase"]
[SourceQuality "1"]
[TimeControl "40/5400+30:1800+30"]

1. c4 c6 2. Nc3 d5 3. e3 Nf6 4. d4 e6 5. Nf3 Nbd7 6. Qc2 Bd6 7. Bd3 O-O 8. O-O e5 9. cxd5 cxd5 10. e4 exd4 11. Nxd5 Nxd5 12. exd5 h6 13. Nxd4 Qh4 14. Nf3 Qh5 15. Bh7+ Kh8 16. Qf5 Qxf5 17. Bxf5 Nf6 18. Bxc8 Rfxc8 19. Rd1 Rd8 20. Be3 Be7 21. d6 Rxd6 22. Rxd6 Bxd6 23. Bd4 Ne4 24. Re1 Ng5 25. Nxg5 hxg5 26. Be3 Rc8 27. Rd1 Bf4 28. Bxa7 Ra8 29. Bd4 Rxa2 30. g3 Bd6 31. Bc3 Ra6 32. Rd5 f6 33. Rb5 b6 34. Rd5 Bc5 35. Rd8+ Kh7 36. b4 Be7 37. Rd7 Ra3 38. Rxe7 Rxc3 39. Re6 b5 40. Rb6 Rb3 41. Rxb5 Rb1+ 42. Kg2 g4 43. h3 gxh3+ 44. Kxh3 g5 45. Rb7+ Kh6 46. b5 f5 47. Rb6+ Kh5 48. Rb8 g4+ 49. Kg2 Kg6 50. b6 Kg7 51. f4 gxf3+ 52. Kxf3 Rb4 53. Ke3 Rg4 54. Rd8 Rxg3+ 55. Kd4 Rb3 56. Kc5 Kf6 57. Rd4 Ke6 58. Kc6 Rc3+ 59. Kb7 Rb3 60. Ra4 Ke5 61. Kc6 f4 62. b7 Rxb7 63. Kxb7 f3 64. Kc6 f2 65. Ra1 Ke4 66. Rf1 Ke3 67. Rxf2 Kxf2 1/2-1/2

[Event "Groningen Festival 2019-A"]
[Site "Groningen"]
[Date "2019.12.28"]
[Round "7.2"]
[White "Lubbe, Nikolas"]
[Black "Vrolijk, Liam"]
[Result "0-1"]
[ECO "D45"]
[WhiteElo "2451"]
[BlackElo "2467"]
[Annotator "ChessBase"]
[PlyCount "68"]
[EventDate "2019.12.15"]
[EventType "swiss"]
[EventCountry "NED"]
[SourceTitle "playchess.com"]
[Source "ChessBase"]
[SourceQuality "1"]
[TimeControl "40/5400+30:1800+30"]

1. c4 c6 2. d4 d5 3. Nc3 Nf6 4. Nf3 e6 5. e3 Nbd7 6. Qc2 Bd6 7. b3 O-O 8. Bb2 e5 9. cxd5 cxd5 10. dxe5 Nxe5 11. Nd4 Nc6 12. Rd1 Nxd4 13. Rxd4 Be5 14. Rd2 Be6 15. f4 Bd6 16. f5 Bd7 17. Nxd5 Nxd5 18. Rxd5 Bc6 19. Rd4 Qe7 20. Be2 Be5 21. Rg4 h5 22. f6 Bxf6 23. Bxf6 Qxf6 24. Rf4 Qa1+ 25. Bd1 Rac8 26. Qd2 Rfd8 27. Rd4 Rxd4 28. exd4 Re8+ 29. Kf2 Re4 30. d5 Rd4 31. Be2 Rxd2 32. Rxa1 Bb5 33. Re1 Rxa2 34. d6 Kf8 0-1

[Event "Groningen Festival 2019-A"]
[Site "Groningen"]
[Date "2019.12.28"]
[Round "7.3"]
[White "Ulybin, Mikhail"]
[Black "Van Foreest, Lucas"]
[Result "0-1"]
[ECO "A60"]
[WhiteElo "2453"]
[BlackElo "2526"]
[Annotator "ChessBase"]
[PlyCount "60"]
[EventDate "2019.12.15"]
[EventType "swiss"]
[EventCountry "NED"]
[SourceTitle "playchess.com"]
[Source "ChessBase"]
[SourceQuality "1"]
[TimeControl "40/5400+30:1800+30"]

1. d4 Nf6 2. c4 e6 3. g3 c5 4. d5 exd5 5. cxd5 b5 6. Nf3 g6 7. e4 Nxe4 8. Bd3 Nd6 9. O-O Be7 10. Bh6 f6 11. Qc2 Bb7 12. Bxg6+ hxg6 13. Qxg6+ Nf7 14. d6 Bxf3 15. Re1 Nc6 16. dxe7 Qb6 17. Qg7 Nxe7 18. Nc3 O-O-O 19. Qxf7 Rxh6 20. Rxe7 Rxh2 21. Kxh2 Rh8+ 22. Qh7 Rxh7+ 23. Rxh7 c4 24. Kg1 b4 25. Nd1 c3 26. Rh4 d5 27. Rc1 Bxd1 28. Rxd1 cxb2 29. Rh7 Qc6 30. Kg2 d4+ 0-1

[Event "Groningen Festival 2019-A"]
[Site "Groningen"]
[Date "2019.12.28"]
[Round "7.4"]
[White "Sargsyan, Shant"]
[Black "Ernst, Sipke"]
[Result "1-0"]
[ECO "C97"]
[WhiteElo "2601"]
[BlackElo "2541"]
[Annotator "RC"]
[PlyCount "75"]
[EventDate "2019.12.15"]
[EventType "swiss"]
[EventCountry "NED"]
[SourceTitle "playchess.com"]
[Source "ChessBase"]
[SourceQuality "1"]
[TimeControl "40/5400+30:1800+30"]

1. e4 e5 2. Nf3 Nc6 3. Bb5 a6 4. Ba4 Nf6 5. O-O Be7 6. Re1 b5 7. Bb3 d6 8. c3 O-O 9. h3 Na5 10. Bc2 c5 11. d4 Qc7 12. d5 c4 13. b4 cxb3 14. axb3 Bd7 15. Ba3 Bd8 16. Nbd2 Ne8 17. Bd3 Qxc3 18. Bxb5 axb5 19. Rc1 Qd3 20. Re3 Qxe3 21. fxe3 Nb7 22. Ra1 Bb6 23. Kf2 Nc7 24. g4 Nc5 25. Ne1 g6 26. Bxc5 Bxc5 27. Nd3 Bb6 28. Ke2 Rae8 29. Nb4 Bc5 30. Qc1 Bxb4 31. Qxc7 Re7 32. Qb6 Rc8 33. Nf3 Kf8 34. Ne1 Bc5 35. Qa5 Be8 36. Rc1 Rb8 37. Nd3 Bb6 38. Qb4 1-0

[Event "Groningen Festival 2019-A"]
[Site "Groningen"]
[Date "2019.12.28"]
[Round "7.5"]
[White "Gomes, Mary Ann"]
[Black "Tiviakov, Sergei"]
[Result "1-0"]
[ECO "E17"]
[WhiteElo "2324"]
[BlackElo "2615"]
[Annotator "ChessBase"]
[PlyCount "66"]
[EventDate "2019.12.15"]
[EventType "swiss"]
[EventCountry "NED"]
[SourceTitle "playchess.com"]
[Source "ChessBase"]
[SourceQuality "1"]
[TimeControl "40/5400+30:1800+30"]

1. Nf3 Nf6 2. g3 b6 3. Bg2 Bb7 4. O-O e6 5. c4 Be7 6. Nc3 O-O 7. Re1 d5 8. cxd5 exd5 9. d4 Ne4 10. Qc2 Nc6 11. Nxe4 Nb4 12. Nf6+ Bxf6 13. Qb3 Nc6 14. Qd1 Re8 15. h4 h6 16. Bf4 Re4 17. Rc1 Nxd4 18. Rxc7 Ba6 19. Nxd4 Rxf4 20. gxf4 Qxc7 21. e3 Bxh4 22. Bxd5 Rd8 23. Nc6 Rf8 24. Qa4 Qd6 25. Qe4 Bb7 26. Rc1 Kh8 27. b4 Qd7 28. Qf3 b5 29. Rc5 Bf6 30. Rxb5 a6 31. Rc5 Qd6 32. a3 Bb2 33. e4 Rc8 1-0

[Event "Groningen Festival 2019-A"]
[Site "Groningen"]
[Date "2019.12.28"]
[Round "7.6"]
[White "Danada, Tomas"]
[Black "Krasenkow, Michal"]
[Result "1/2-1/2"]
[ECO "A42"]
[WhiteElo "2271"]
[BlackElo "2611"]
[Annotator "ChessBase"]
[PlyCount "127"]
[EventDate "2019.12.15"]
[EventType "swiss"]
[EventCountry "NED"]
[SourceTitle "playchess.com"]
[Source "ChessBase"]
[SourceQuality "1"]
[TimeControl "40/5400+30:1800+30"]

1. d4 g6 2. c4 Bg7 3. Nc3 d6 4. e4 e5 5. d5 a5 6. Be3 Bh6 7. Bxh6 Nxh6 8. Qd2 Ng4 9. h4 h5 10. f3 Nh6 11. O-O-O Na6 12. Kb1 Nc5 13. Be2 f5 14. Bd3 f4 15. Bc2 Bd7 16. g3 fxg3 17. Qg2 g5 18. Qxg3 Nf7 19. Nge2 Qf6 20. Rdg1 Rg8 21. f4 exf4 22. Nxf4 Bg4 23. hxg5 Rxg5 24. Qe3 O-O-O 25. Nxh5 Rxh5 26. Rxh5 Bxh5 27. Qh3+ Kb8 28. Qxh5 Ne5 29. Qe2 Rh8 30. Na4 Nf3 31. Rd1 Nxa4 32. Bxa4 Rh2 33. e5 Qf4 34. Qd3 Nxe5 35. Qd4 Rh4 36. Qxf4 Rxf4 37. b3 Ka7 38. Kc2 Kb6 39. Kc3 Kc5 40. a3 Rf3+ 41. Kc2 Ng4 42. Rd3 Rf2+ 43. Kc3 Ra2 44. b4+ Kb6 45. Kb3 Re2 46. Rc3 Nf6 47. Rc2 Re1 48. Kb2 Ne4 49. Rg2 Re3 50. Bc2 Nf6 51. Rg7 axb4 52. axb4 c6 53. dxc6 bxc6 54. Rg5 Nd7 55. Rg4 Ne5 56. Rd4 Kc7 57. Rh4 Kd7 58. Bf5+ Ke7 59. b5 Kf6 60. Bc2 Kg5 61. Re4 Rxe4 62. Bxe4 Nxc4+ 63. Kc3 cxb5 64. Bc6 1/2-1/2

[Event "Groningen Festival 2019-A"]
[Site "Groningen"]
[Date "2019.12.28"]
[Round "7.7"]
[White "Mollema, Thomas"]
[Black "Gleizerov, Evgeny"]
[Result "0-1"]
[ECO "C01"]
[WhiteElo "2207"]
[BlackElo "2508"]
[Annotator "ChessBase"]
[PlyCount "96"]
[EventDate "2019.12.15"]
[EventType "swiss"]
[EventCountry "NED"]
[SourceTitle "playchess.com"]
[Source "ChessBase"]
[SourceQuality "1"]
[TimeControl "40/5400+30:1800+30"]

1. e4 e6 2. d4 d5 3. exd5 exd5 4. Nf3 Bd6 5. Bd3 Ne7 6. O-O Nbc6 7. c3 Bg4 8. a4 Qd7 9. Re1 O-O 10. h3 Bf5 11. Na3 a6 12. Nc2 Rfe8 13. Ne3 Bxd3 14. Qxd3 Na5 15. Qc2 Nc4 16. b3 Nxe3 17. Bxe3 Rac8 18. Re2 b6 19. Qd3 a5 20. Rae1 c5 21. dxc5 bxc5 22. c4 d4 23. Bd2 Nc6 24. Ng5 g6 25. Qf3 Rxe2 26. Rxe2 Qf5 27. Qxf5 gxf5 28. Re1 Rb8 29. Rb1 Ne5 30. Bxa5 Nxc4 31. Be1 Na3 32. Rd1 Rxb3 33. Nf3 Nc2 34. Kf1 Ra3 35. a5 Bc7 36. Bd2 c4 37. Bg5 d3 38. Nd2 Ra4 39. Nxc4 Rxc4 40. Rxd3 Nb4 41. Ra3 Na6 42. Be3 Kg7 43. Ke2 Kf6 44. Rb3 Re4 45. Kf3 Ra4 46. Bb6 Bd6 47. Bd8+ Ke5 48. Rb7 Ra2 0-1

[Event "Groningen Festival 2019-A"]
[Site "Groningen"]
[Date "2019.12.28"]
[Round "7.8"]
[White "Beerdsen, Thomas"]
[Black "Kumar, Nikhil"]
[Result "1/2-1/2"]
[ECO "B11"]
[WhiteElo "2482"]
[BlackElo "2315"]
[Annotator "ChessBase"]
[PlyCount "36"]
[EventDate "2019.12.15"]
[EventType "swiss"]
[EventCountry "NED"]
[SourceTitle "playchess.com"]
[Source "ChessBase"]
[SourceQuality "1"]
[TimeControl "40/5400+30:1800+30"]

1. e4 c6 2. Nc3 d5 3. Nf3 Bg4 4. h3 Bxf3 5. Qxf3 e6 6. d4 dxe4 7. Nxe4 Qxd4 8. Bd3 Nd7 9. Be3 Bb4+ 10. Ke2 Qd5 11. Rhd1 f5 12. Ng5 Qxf3+ 13. gxf3 Ke7 14. Bc4 Ngf6 15. Nxe6 g6 16. Bg5 Ne5 17. Bb3 Nf7 18. Be3 Bd6 1/2-1/2

[Event "Groningen Festival 2019-A"]
[Site "Groningen"]
[Date "2019.12.28"]
[Round "7.9"]
[White "Davtyan, Artur"]
[Black "Zhou, Guijue"]
[Result "1/2-1/2"]
[ECO "D35"]
[WhiteElo "2437"]
[BlackElo "2238"]
[Annotator "NA"]
[PlyCount "91"]
[EventDate "2019.12.15"]
[EventType "swiss"]
[EventCountry "NED"]
[SourceTitle "playchess.com"]
[Source "ChessBase"]
[SourceQuality "1"]
[TimeControl "40/5400+30:1800+30"]

1. d4 Nf6 2. c4 e6 3. Nc3 d5 4. cxd5 exd5 5. Bg5 Be7 6. e3 c6 7. Bd3 Nbd7 8. Qc2 Nh5 9. Bxe7 Qxe7 10. Nge2 h6 11. O-O O-O 12. Rab1 Re8 13. b4 b5 14. e4 dxe4 15. Bxe4 Bb7 16. Bf3 Qg5 17. Ne4 Qg6 18. Rbc1 c5 19. Nd6 Bxf3 20. Qxg6 fxg6 21. Nxe8 Bxe2 22. Nc7 Rc8 23. Nd5 Re8 24. Rfe1 cxd4 25. Rc7 Nhf6 26. Nf4 Bg4 27. Rxe8+ Nxe8 28. Rc8 Kf7 29. f3 Bf5 30. g4 Bb1 31. Ra8 Bxa2 32. Rxa7 Be6 33. h4 g5 34. hxg5 hxg5 35. Ne2 d3 36. Nc3 Nd6 37. Kf2 Kf6 38. Ra6 Ke5 39. Ke3 Bc4 40. Ra7 Ke6 41. Kd4 Ne5 42. Ke3 Nc6 43. Rxg7 Nxb4 44. Rxg5 Nc2+ 45. Kd2 b4 46. Rg6+ 1/2-1/2

[Event "Groningen Festival 2019-A"]
[Site "Groningen"]
[Date "2019.12.28"]
[Round "7.10"]
[White "Zwirs, Nico"]
[Black "Pacher, Milan"]
[Result "1-0"]
[ECO "C54"]
[WhiteElo "2422"]
[BlackElo "2427"]
[Annotator "NA"]
[PlyCount "31"]
[EventDate "2019.12.15"]
[EventType "swiss"]
[EventCountry "NED"]
[SourceTitle "playchess.com"]
[Source "ChessBase"]
[SourceQuality "1"]
[TimeControl "40/5400+30:1800+30"]

1. e4 e5 2. Nf3 Nc6 3. Bc4 Nf6 4. d3 Bc5 5. c3 d6 6. a4 a5 7. Bg5 h6 8. Bh4 g5 9. Bg3 Qe7 10. Nbd2 Bd7 11. O-O O-O 12. Re1 Rae8 13. Nf1 Nh5 14. Nxe5 Nxg3 15. Nxd7 Nxe4 16. Nxc5 1-0

[Event "Groningen Festival 2019-A"]
[Site "Groningen"]
[Date "2019.12.28"]
[Round "7.11"]
[White "Hilwerda, Jonas"]
[Black "De Jong, Migchiel"]
[Result "0-1"]
[ECO "C18"]
[WhiteElo "2228"]
[BlackElo "2326"]
[Annotator "NA"]
[PlyCount "42"]
[EventDate "2019.12.15"]
[EventType "swiss"]
[EventCountry "NED"]
[SourceTitle "playchess.com"]
[Source "ChessBase"]
[SourceQuality "1"]
[TimeControl "40/5400+30:1800+30"]

1. e4 e6 2. d4 d5 3. Nc3 Bb4 4. e5 c5 5. a3 Bxc3+ 6. bxc3 Qc7 7. Qg4 f5 8. Qg3 Nc6 9. Nf3 cxd4 10. cxd4 Nge7 11. Bd2 O-O 12. Bd3 Bd7 13. h4 f4 14. Qg4 Nxd4 15. Bxh7+ Kxh7 16. Qh5+ Kg8 17. Nxd4 Rf5 18. Nxf5 Qxe5+ 19. Be3 Qc3+ 20. Ke2 Nxf5 21. Rab1 fxe3 0-1

[Event "Groningen Festival 2019-A"]
[Site "Groningen"]
[Date "2019.12.28"]
[Round "7.12"]
[White "Hilverda, Alexander"]
[Black "Kokje, Joris"]
[Result "1-0"]
[ECO "E97"]
[WhiteElo "2294"]
[BlackElo "2222"]
[Annotator "NA"]
[PlyCount "99"]
[EventDate "2019.12.15"]
[EventType "swiss"]
[EventCountry "NED"]
[SourceTitle "playchess.com"]
[Source "ChessBase"]
[SourceQuality "1"]
[TimeControl "40/5400+30:1800+30"]

1. d4 Nf6 2. c4 g6 3. Nc3 Bg7 4. e4 d6 5. Nf3 O-O 6. Be2 e5 7. O-O Nc6 8. d5 Ne7 9. b4 Ne8 10. c5 f5 11. Nd2 Nf6 12. a4 f4 13. Nc4 g5 14. Nb5 Ne8 15. Ba3 a6 16. Nc3 Ng6 17. Bg4 Nh4 18. Bxc8 Qxc8 19. f3 Rf6 20. b5 Rg6 21. Ra2 axb5 22. Nxb5 g4 23. fxg4 Rxg4 24. cxd6 Ra6 25. Kh1 cxd6 26. Ncxd6 Nxd6 27. Nxd6 Qd7 28. Rff2 h5 29. Qb3 Rxd6 30. Bxd6 Qxd6 31. Qxb7 Qc5 32. Qb1 Bf8 33. a5 Rg7 34. a6 Qe3 35. Rfe2 Qa7 36. Reb2 Qe3 37. Rb3 Qd4 38. Rh3 Ng6 39. Rxh5 Rc7 40. Ra1 Kg7 41. Rh3 Bc5 42. Rb3 Kf6 43. Rb7 Rc8 44. a7 f3 45. Qf1 Nf4 46. Qa6+ Kg5 47. Rg7+ Kh5 48. g4+ Kh4 49. Qh6+ Nh5 50. Qxh5# 1-0

[Event "Groningen Festival 2019-A"]
[Site "Groningen"]
[Date "2019.12.29"]
[Round "8.1"]
[White "Vrolijk, Liam"]
[Black "Fier, Alexandr"]
[Result "1-0"]
[ECO "D90"]
[WhiteElo "2467"]
[BlackElo "2528"]
[Annotator "ChessBase"]
[PlyCount "59"]
[EventDate "2019.12.15"]
[EventType "swiss"]
[EventCountry "NED"]
[SourceTitle "playchess.com"]
[Source "ChessBase"]
[SourceQuality "1"]
[TimeControl "40/5400+30:1800+30"]

1. d4 Nf6 2. c4 g6 3. Nc3 d5 4. Nf3 Bg7 5. h4 dxc4 6. e4 c5 7. d5 b5 8. h5 O-O 9. hxg6 fxg6 10. Rh4 e6 11. Nxb5 exd5 12. Nc3 Re8 13. Be3 Nbd7 14. Nxd5 Ba6 15. Nxf6+ Nxf6 16. Qa4 Qb6 17. Bxc4+ Bxc4 18. Qxc4+ Kh8 19. Ng5 h5 20. Nf7+ Kh7 21. Ng5+ Kh8 22. e5 Qxb2 23. Nf7+ Kh7 24. Ng5+ Kh8 25. Rd1 Ng4 26. Qxg4 Rxe5 27. Qe2 Qc3+ 28. Kf1 Rf8 29. Rxh5+ Kg8 30. Rh3 1-0